 Dungeon Crawl Stone Soup version 0.28-a0-1038-g9c4cb8273d (webtiles) character file.

Game seed: 14027933063070979980

4435 ders the Geomancer (level 10, -23/50 HPs)
             Began as a Gargoyle Earth Elementalist on Dec 8, 2021.
             Was an Initiate of Vehumet.
             Killed from afar by an acid dragon (24 damage)
             ... with a splash of acid
             ... on level 7 of the Dungeon.
             The game lasted 00:11:32 (9844 turns).

ders the Geomancer (Gargoyle Earth Elementalist)    Turns: 9844, Time: 00:11:33

Health: -23/50     AC:  6    Str:  8    XL:     10   Next: 36%
Magic:  1/31       EV: 12    Int: 20    God:    Vehumet [......]
Gold:   411        SH:  5    Dex: 16    Spells: 13/25 levels left

rFire   + . .      SeeInvis .   u - +7 hand axe "Earthworm" {drain, rPois Str-4 Dex+6}
rCold   + . .      Faith    .   (no shield)
rNeg    + . .      Spirit   .   b - +0 robe
rPois   ∞          Reflect  +   i - +0 hat
rElec   +          Harm     .   q - scarf {rC+ rF+}
rCorr   .          Rampage  .   m - +0 pair of gloves
Will    .....                   (no boots)
Stlth   ++........              y - amulet of reflection
HPRegen 0.16/turn               g - ring of magical power
MPRegen 0.22/turn               w - ring of wizardry

@: corroded, hasted, very quick
A: sickness immunity, AC +7, negative energy resistance 1, electricity
resistance, torment resistance 1, petrification resistance
a: Renounce Religion


You were on level 7 of the Dungeon.
You worshipped Vehumet.
Vehumet was noncommittal.
You visited 2 branches of the dungeon, and saw 8 of its levels.

You collected 411 gold pieces.

Inventory:

Hand Weapons
 h - a +0 dagger of pain
 u - the +7 hand axe "Earthworm" (weapon) {drain, rPois Str-4 Dex+6}
   (You found it on level 4 of the Dungeon)

   A truly terrible weapon, it drains the life of any living foe it strikes.
   Str:       It affects your strength (-4).
   Dex:       It affects your dexterity (+6).
   rPois:     It protects you from poison.
Missiles
 r - 195 stones
 C - a throwing net
Armour
 b - a +0 robe (worn)
 i - a +0 hat (worn)
 k - a +0 buckler
 m - a +0 pair of gloves (worn)
 q - a scarf of resistance (worn)
Jewellery
 g - a ring of magical power (left hand)
 v - a ring of ice
 w - a ring of wizardry (right hand)
 y - an amulet of reflection (around neck)
Wands
 p - a wand of digging (8)
 x - a wand of paralysis (10)
 z - a wand of iceblast (19)
 F - a wand of flame (18)
Scrolls
 c - a scroll of magic mapping {unknown}
 d - a scroll of teleportation
 e - a scroll of brand weapon {unknown}
 f - a scroll of silence {unknown}
 o - a scroll of torment {unknown}
 s - a scroll of enchant armour {unknown}
 B - a scroll of fog {unknown}
 H - 2 scrolls of identify
 I - a scroll of summoning {unknown}
 J - a scroll of fear {unknown}
Potions
 a - a potion of brilliance
 j - 2 potions of haste
 l - 2 potions of flight
 n - 4 potions of curing {unknown}
 t - a potion of might {unknown}
 A - 3 potions of heal wounds {unknown}
 D - a potion of berserk rage {unknown}
 E - 2 potions of mutation {unknown}
 G - a potion of attraction {unknown}


   Skills:
 - Level 1.5 Dodging
 - Level 2.1 Stealth
 * Level 8.0 Spellcasting
 * Level 9.1 Conjurations
 - Level 1.8 Necromancy
 - Level 0.7 Transmutations
 * Level 10.7 Earth Magic


You had 13 spell levels left.
You knew the following spells:

 Your Spells              Type           Power      Damage    Failure   Level
a - Sandblast             Erth           100%       2d20      1%          1
b - Stone Arrow           Conj/Erth      94%        3d12      1%          3
c - Hailstorm             Conj/Ice       26%        3d7       5%          4
d - Petrify               Tmut/Erth      31%        N/A       3%          4

Your spell library contained the following spells:

 Spells                   Type           Power      Damage    Failure   Level
 Passwall                 Tmut/Erth      25%        N/A       1%          2
 Ice Form                 Ice/Tmut       9%         N/A       28%         4
 Simulacrum               Ice/Necr       5%         N/A       96%         6


Dungeon Overview and Level Annotations

Branches:
Dungeon (7/15)             Temple (1/1) D:7

Altars:
Ashenzari
Dithmenos
Fedhas
Gozag
Hepliaklqana
Kikubaaqudgha
Nemelex Xobeh
Okawaru
Ru
Sif Muna
Trog
Uskayaw
Vehumet
Wu Jian
Xom
Yredelemnul
Zin
The Shining One

Shops:
D:4 :   D:5 *


Innate Abilities, Weirdness & Mutations

You are immune to sickness and miasma.
Your stone body is resilient. (AC +7)
You are immune to poison.
You resist negative energy. (rN+)
You are resistant to electric shocks. (rElec)
You are resistant to unholy torment.
You are immune to petrification.


Message History

Unknown command.
Casting: Stone Arrow (safe; 1% risk of failure)
Confirm with . or Enter, or press ? or * to list all spells.
Aiming: Stone Arrow (safe; 1% risk of failure)
Press: ? - help, Shift-Dir - straight line, f - acid dragon
Aim: an acid dragon (76% to hit)
The stone arrow misses the acid dragon.
The acid dragon completely misses you.
The acid dragon claws you but does no damage.
The gnoll sergeant completely misses you.
Unknown command.
Casting: Stone Arrow (safe; 1% risk of failure)
Confirm with . or Enter, or press ? or * to list all spells.
Aiming: Sandblast (safe; 1% risk of failure)
Press: ? - help, Shift-Dir - straight line, f/p - acid dragon
Aim: an acid dragon (84% to hit)
The blast of sand hits the acid dragon!
The acid dragon is heavily wounded.
The acid dragon spits acid at you. The splash of acid hits you!!
* * * LOW HITPOINT WARNING * * *
The acid corrodes you! You block the gnoll sergeant's attack.
Unknown command.
Casting: Sandblast (safe; 1% risk of failure)
Confirm with . or Enter, or press ? or * to list all spells.
Aiming: Sandblast (safe; 1% risk of failure)
Press: ? - help, Shift-Dir - straight line, f/p - acid dragon
Aim: an acid dragon (heavily wounded, catching its breath, 84% to hit)
The blast of sand hits the acid dragon.
The acid dragon is severely wounded.
The acid dragon misses you. You block the acid dragon's attack.
The gnoll sergeant hits you from afar with a +1 spear of venom!
* * * LOW HITPOINT WARNING * * *
Unknown command.
You feel yourself speed up. The acid dragon bites you.
* * * LOW HITPOINT WARNING * * *
The acid dragon claws you but does no damage.
The gnoll sergeant barely misses you. The acid dragon spits acid at you.
The splash of acid hits you!!
You die...

#.....####........###...#######..
......##......#...##.....## ##.
#.#...##.....##...#.......# ##
#.##..#......##...'.......# #
#...#......####...#.......# #
.....####### #...##.....## #
....#.# #... #...###[..#########
......# ...=. #...# #######......
......# .....g#.@.####......#####
###.>.# ......D...##......### #
##....# ......#...##...).##
##.#..# ....) #...#......#
......# #... #........###
##.########## ########## ##.#...#
#.# ##.#.#.## #.# ##.#....###.#


You could see an acid dragon (catching breath).

Vanquished Creatures
  Pikel (D:7)
  An unseen horror (D:7)
  A gargoyle (D:7)
  A troll (D:6)
  A hornet (D:7)
  A slime creature (D:7)
  Sigmund (D:3)
  Eustachio (D:6)
  Menkaure (D:5)
  A water moccasin (D:7)
  2 sky beasts
  2 ice beasts
  3 ogres
  2 centaurs (D:7)
  2 phantoms (D:5)
  2 lemures (D:7)
  Blork the orc (D:5)
  2 gnoll sergeants (D:6)
  2 scorpions
  A water moccasin zombie (D:3)
  2 centaur zombies
  Crazy Yiuf (D:7)
  2 gnoll shamans
  6 orc priests
  A hound (D:4)
  A jelly (D:7)
  2 bullfrog skeletons (D:7)
  A centaur skeleton (D:7)
  Natasha (thrice) (D:3)
  4 iguanas
  3 orc wizards
  16 gnolls
  7 adders
  An adder zombie (D:4)
  2 adder skeletons
  2 worms (D:3)
  A dart slug (D:1)
  23 orcs
  2 bats (D:1)
  5 endoplasms
  4 giant cockroaches
  6 goblins
  3 hobgoblins
  8 jackals
  11 kobolds
  2 quokkas (D:1)
  3 ball pythons
  2 frilled lizards (D:3)
  4 rats
157 creatures vanquished.

Notes
Turn   | Place    | Note
-------+----------+-------------------------------------------
     0 | D:1      | ders the Gargoyle Earth Elementalist began the quest for
                  | the Orb.
     0 | D:1      | Reached XP level 1. HP: 10/10 MP: 3/3
   166 | D:1      | Reached XP level 2. HP: 15/15 MP: 0/5
   169 | D:1      | Reached skill level 1 in Conjurations
   368 | D:1      | Found a faded altar of an unknown god.
   439 | D:1      | Reached skill level 4 in Earth Magic
   567 | D:1      | Reached XP level 3. HP: 10/19 MP: 0/6
  1610 | D:2      | Learned a level 3 spell: Stone Arrow
  1803 | D:2      | Reached XP level 4. HP: 24/24 MP: 5/7
  2273 | D:3      | Reached skill level 1 in Necromancy
  2273 | D:3      | Reached XP level 5. HP: 19/28 MP: 2/9
  2463 | D:3      | Found a shimmering altar of Xom.
  2464 | D:3      | Found a shimmering altar of Xom.
  2465 | D:3      | Found a shimmering altar of Xom.
  2465 | D:3      | Found a shimmering altar of Xom.
  2486 | D:3      | Found a shimmering altar of Xom.
  2486 | D:3      | Found a shimmering altar of Xom.
  2486 | D:3      | Noticed Sigmund
  2488 | D:3      | Found a shimmering altar of Xom.
  2719 | D:3      | Noticed Natasha
  2724 | D:3      | Killed Natasha
  2745 | D:3      | Noticed Natasha
  2751 | D:3      | Killed Natasha
  2752 | D:3      | Reached skill level 5 in Earth Magic
  2929 | D:3      | Killed Sigmund
  2929 | D:3      | Noticed Natasha
  2930 | D:3      | Reached XP level 6. HP: 32/32 MP: 3/11
  3116 | D:3      | Killed Natasha
  3266 | D:3      | Found an iron altar of Okawaru.
  3669 | D:4      | Reached XP level 7. HP: 26/36 MP: 3/13
  3931 | D:4      | Reached skill level 6 in Earth Magic
  4320 | D:4      | Identified the +7 hand axe "Earthworm" {drain, rPois Str-4
                  | Dex+6}
  4390 | D:4      | Found Doduif's Book Boutique.
  4798 | D:4      | Identified the +8 dagger "Giantbane" {venom, rN+ MP-9
                  | Str+4}
  4986 | D:5      | Entered Level 5 of the Dungeon
  5029 | D:5      | Noticed Blork the orc
  5034 | D:5      | Killed Blork the orc
  5258 | D:5      | Found Qirynoo's Gadget Gallery.
  5474 | D:5      | Reached XP level 8. HP: 41/41 MP: 8/15
  5539 | D:5      | Reached skill level 5 in Conjurations
  5695 | D:5      | Reached skill level 5 in Spellcasting
  5695 | D:5      | Reached skill level 7 in Earth Magic
  5763 | D:5      | Noticed Menkaure
  6415 | D:5      | Killed Menkaure
  6916 | D:6      | Reached skill level 8 in Earth Magic
  7054 | D:6      | Reached XP level 9. HP: 33/45 MP: 1/18
  7776 | D:6      | Noticed a troll
  7780 | D:6      | Killed a troll
  7781 | D:6      | Reached skill level 9 in Earth Magic
  7911 | D:6      | Noticed Eustachio
  7915 | D:6      | Killed Eustachio
  8271 | D:7      | Noticed a gargoyle
  8274 | D:7      | Killed a gargoyle
  8323 | D:7      | Noticed Pikel
  8330 | D:7      | Killed Pikel
  8454 | D:7      | Killed an unseen horror
  8455 | D:7      | Reached skill level 10 in Earth Magic
  8455 | D:7      | Reached XP level 10. HP: 41/50 MP: 15/21
  8655 | D:7      | Found a runed translucent door.
  8656 | D:7      | Noticed Crazy Yiuf
  8740 | D:7      | Killed Crazy Yiuf
  8846 | D:7      | Found a staircase to the Ecumenical Temple.
  8855 | Temple   | Entered the Ecumenical Temple
  8903 | Temple   | Became a worshipper of Vehumet
  9247 | D:7      | Found a hazy altar of Hepliaklqana.
  9647 | D:7      | Learned a level 4 spell: Hailstorm
  9652 | D:7      | Learned a level 4 spell: Petrify
  9843 | D:7      | HP: 1/50 [acid dragon (5)]
  9844 | D:7      | Killed from afar by an acid dragon

Illustrated notes

Levels and vault maps discovered:
D:1:      grunt_arrival_crossed_arrows, layout_loops_ring,
          dreamdust_ecumenical_altar_angels_and_demons
D:2:      layout_rooms, minmay_tripent
D:3:      layout_rooms, kennysheep_okawaru_gauntlet, nicolae_xom_altar_mimics,
          nrook_campfire, minmay_tree_intersection, uniq_sigmund, uniq_natasha
D:4:      layout_basic, serial_shops, nicolae_shop_behind_doors,
          minmay_quantized
D:5:      nicolae_cairo_tiling_large, layout_basic, kennysheep_another_room,
          nicolae_shop_gadgets, uniq_menkaure, uniq_blork_the_orc
D:6:      layout_loops_ring, uniq_eustachio
D:7:      minmay_opposing_rooms, layout_loops_ring,
          mainiacjoe_overflow_six_doors_small, makhleb_altar_promises_db,
          minmay_temple_entry_slanted, bh_walls_and_bars,
          uniq_crazy_yiuf_cottage, uniq_pikel
Temple:   eino_wide_crystal_templ

Skill      XL: |  1  2  3  4  5  6  7  8  9 10 |
---------------+-------------------------------+-----
Conjurations   | 1 2 3 4 6 8 9 |  9.1
Earth Magic    | 4 5 6 8 10 | 10.7
Spellcasting   | 3 4 6 7 8 |  8.0
Necromancy     | 1 |  1.8
Dodging        | |  1.5
Stealth        | |  2.1
Transmutations | |  0.7

Action                   |  1- 3 |  4- 6 |  7- 9 | 10-12 || total
-------------------------+-------+-------+-------+-------++-------
Melee: Dagger            |    54 |    14 |     8 |       ||    76
       Unarmed           |     4 |       |       |       ||     4
       Hand axe          |       |       |    26 |       ||    26
 Cast: Sandblast         |    41 |    24 |    20 |     2 ||    87
       Stone Arrow       |     1 |    21 |   112 |    37 ||   171
  Use: Scroll            |       |       |     4 |     1 ||     5
       Potion            |       |       |       |     1 ||     1
 Stab: Sleeping          |     1 |       |       |       ||     1
Armor: Robe              |    30 |     9 |    26 |     7 ||    72
Dodge: Dodged            |    45 |    13 |    43 |    11 ||   112
Block: Other             |       |       |     1 |     8 ||     9
       Reflection        |       |       |       |     2 ||     2

Table legend: (Time is in decaauts)
 A = Elapsed time spent in this place.
 B = Non-inter-level travel time spent in this place.
 C = Inter-level travel time spent in this place.
 D = Time resting spent in this place.
 E = Time spent auto-exploring this place.
 F = Levels seen in this place.
 G = Mean time per level.
                   A        B        C        D        E       F      G
               +--------+--------+--------+--------+--------+-----+--------+
         Total |   9853 |   9538 |    315 |   2737 |   5760 |   8 | 1231.6 |
       Dungeon |   9789 |   9494 |    295 |   2737 |   5731 |   7 | 1398.4 |
        Temple |     63 |     43 |     20 |      0 |     29 |   1 |   63.0 |
               +--------+--------+--------+--------+--------+-----+--------+

Top non-repeatable levels by time:
     D:5: 1981 daAuts
     D:7: 1509 daAuts
     D:4: 1395 daAuts
     D:6: 1310 daAuts
     D:3: 1288 daAuts
     D:1: 1238 daAuts
     D:2: 1065 daAuts
  Temple: 63 daAuts
